 Dungeon Sprint DCSS version 0.20.1-1-g8b1a95d (webtiles) character file.

1350 KoningWillie the Blocker (level 8, -3/83 HPs)
             Began as a Minotaur Fighter on Sept 22, 2017.
             Slain by a demonic crawler (8 damage)
             ... in the Dungeon (Sprint I: "Red Sonja").
             The game lasted 00:01:56 (653 turns).

KoningWillie the Blocker (Minotaur Fighter)          Turns: 653, Time: 00:01:57

Health: -3/83      AC:  9    Str: 27    XL:     8   Next: 36%
Magic:  7/7        EV: 11    Int:  5    God:
Gold:   270        SH: 13    Dex: 11    Spells: 7/7 levels left

rFire    . . .     SeeInvis .   a - +0 long sword
rCold    . . .     Gourm    .   c - +0 shield
rNeg     . . .     Faith    .   b - +0 scale mail
rPois    .         Spirit   .   (helmet restricted)
rElec    .         Reflect  .   (no cloak)
rCorr    .         Harm     .   (no gloves)
MR       .....     NoTele   +   (no boots)
Stlth    ..........             (no amulet)
Regen    0.3/turn               (no ring)
MPRegen  0.1/turn               (no ring)

@: mighty
A: retaliatory headbutt, horns 2
a: no special abilities


You were in the Dungeon.
You were not hungry.

You visited 1 branch You collected 270 gold pieces.

Inventory:

Hand Weapons
 a - a +0 long sword (weapon)
Armour
 b - a +0 scale mail (worn)
 c - a +0 shield (worn)
Scrolls
 k - a scroll of blinking
Potions
 e - 2 potions of curing
 h - a potion of haste
 i - 3 potions of magic
 j - a potion of ambrosia {unknown}
Comestibles
 f - 2 bread rations


   Skills:
 + Level 11.7 Fighting
 + Level 10.2 Long Blades
 + Level 11.4 Armour
 + Level 3.2 Dodging
 + Level 0.8 Stealth
 + Level 12.0 Shields


You had 7 spell levels left.
You didn't know any spells.

Dungeon Overview and Level Annotations

Branches:
Dungeon (1/1)

Altars:
Makhleb
Sif Muna
Vehumet
Xom
Jiyva
Lugonu


Innate Abilities, Weirdness & Mutations

You reflexively headbutt those who attack you in melee.
You have a pair of horns on your head.


Message History

The demonic crawler hits you but does no damage.
You block the demonic crawler's attack.
You slash the demonic crawler!
You kill the demonic crawler!
Your Long Blades skill increases to level 10!
Your Dodging skill increases to level 3!
Your Shields skill increases to level 12!
You slash the demonic crawler!
The demonic crawler is moderately wounded.
You block the demonic crawler's attack. x2; The demonic crawler hits you.
* * * LOW HITPOINT WARNING * * *
You slice the demonic crawler!!
The demonic crawler is severely wounded.
The demonic crawler closely misses you. You furiously retaliate!
You headbutt the demonic crawler. The demonic crawler hits you.
* * * LOW HITPOINT WARNING * * *
You block the demonic crawler's attack. The demonic crawler hits you.
* * * LOW HITPOINT WARNING * * *
The demonic crawler misses you. The demonic crawler hits you!
You die...

##########################
#<.#..').#..'..#__#.)'...#
#..').#..').#.s'..s).#...##+#
#..#####'#####s#__####s..'..#
#..# #..# #s#### #####..+
#..# #### ##@# ## #..# #+#..+
#⌠⌠# +..._# #### #_.#+# ##+#


You could see 3 demonic crawlers.

Vanquished Creatures
  A demonic crawler (D)
  2 kobold demonologists (D)
  A slime creature (D)
  Sigmund (D)
  A floating eye (D)
  An ogre (D)
  A jelly (D)
  Ijyb (D)
9 creatures vanquished.

Notes
Turn   | Place    | Note
-------+----------+-------------------------------------------
     0 | D        | KoningWillie the Minotaur Fighter began the quest for the Orb.
     0 | D        | Reached XP level 1. HP: 19/19 MP: 0/0
     1 | D        | Noticed Ijyb
     8 | D        | Killed Ijyb
     8 | D        | Reached skill level 5 in Fighting
     8 | D        | Reached skill level 5 in Armour
     8 | D        | Reached skill level 5 in Shields
     8 | D        | Reached XP level 2. HP: 28/29 MP: 1/1
    13 | D        | Noticed an ogre
    16 | D        | Killed an ogre
    16 | D        | Reached skill level 6 in Shields
    16 | D        | Reached XP level 3. HP: 39/39 MP: 2/2
    16 | D        | Reached XP level 4. HP: 47/47 MP: 3/3
    19 | D        | Noticed Sigmund
    35 | D        | Killed Sigmund
    35 | D        | Reached skill level 8 in Shields
    35 | D        | Reached XP level 5. HP: 18/56 MP: 4/4
    35 | D        | Reached XP level 6. HP: 20/62 MP: 5/5
   265 | D        | Found a deep blue altar of Sif Muna.
   271 | D        | Reached skill level 1 in Dodging
   272 | D        | Found a radiant altar of Vehumet.
   397 | D        | Found a burning altar of Makhleb.
   397 | D        | Found a viscous altar of Jiyva.
   397 | D        | Found a shimmering altar of Xom.
   397 | D        | Found a corrupted altar of Lugonu.
   397 | D        | Noticed a slime creature
   408 | D        | Killed a slime creature
   408 | D        | Reached skill level 10 in Fighting
   408 | D        | Reached skill level 9 in Shields
   530 | D        | Noticed a kobold demonologist
   530 | D        | Noticed a floating eye
   531 | D        | Noticed a kobold demonologist
   533 | D        | Noticed a hellwing
   535 | D        | Noticed an ice devil
   535 | D        | Killed a floating eye
   535 | D        | Reached skill level 10 in Armour
   535 | D        | Reached skill level 10 in Shields
   535 | D        | Reached XP level 7. HP: 73/73 MP: 6/6
   539 | D        | Noticed a rust devil
   540 | D        | Noticed a soul eater
   544 | D        | Killed a kobold demonologist
   544 | D        | Reached skill level 11 in Shields
   552 | D        | Killed a kobold demonologist
   552 | D        | Reached XP level 8. HP: 69/82 MP: 7/7
   623 | D        | Noticed a demonic crawler
   623 | D        | Noticed a demonic crawler
   623 | D        | Noticed a demonic crawler
   623 | D        | Noticed a demonic crawler
   651 | D        | Killed a demonic crawler
   651 | D        | Reached skill level 10 in Long Blades
   651 | D        | Reached skill level 12 in Shields
   653 | D        | Slain by a demonic crawler

Skill      XL: |  1  2  3  4  5  6  7  8 |
---------------+-------------------------+-----
Fighting       | 5 7 8 10 11 | 11.7
Long Blades    | 3 4 6 8 9 10 | 10.2
Armour         | 5 6 8 10 11 | 11.4
Shields        | 5 6 8 10 11 12 | 12.0
Dodging        | 1 2 3 |  3.2
Stealth        | |  0.8

Action                   |  1- 3 |  4- 6 |  7- 9 || total
-------------------------+-------+-------+-------++-------
Melee: Long sword        |     8 |    28 |    30 ||    66
       Headbutt          |     1 |     9 |     7 ||    17
  Use: Potion            |     1 |       |     2 ||     3
Armor: Scale mail        |     3 |     4 |    21 ||    28
Dodge: Dodged            |     2 |     8 |    25 ||    35
Block: Shield            |     1 |     7 |    41 ||    49
       Rpst.: Long sword |     1 |     1 |     4 ||     6
